 Dungeon Crawl Stone Soup version 0.17-a0-1516-gf76066c (webtiles) character file.

3649 Econoterrorist the Spear-Bearer (level 10, -1/79 HPs)
             Began as a Merfolk Gladiator on July 12, 2015.
             Was a Believer of Okawaru.
             Slain by a fire bat (4 damage)
             ... on level 1 of the Abyss.
             The game lasted 00:21:05 (8108 turns).

Econoterrorist the Spear-Bearer (Merfolk Gladiator) Turns: 8108, Time: 00:21:05

Health: -1/79      AC: 11    Str: 16    XL:     10   Next: 12%
Magic:  10/10      EV: 10    Int: 10    God:    Okawaru [**....]
Gold:   373        SH:  5    Dex: 15    Spells: 0 memorised, 9 levels left

rFire  + . .     SeeInvis .     a - +0 trident
rCold  . . .     Clarity  .     g - +0 ring mail
rNeg   . . .     SustAt   .     y - +0 buckler
rPois  .         Gourm    .     c - +0 helmet
rElec  .         Spirit   .     n - +2 cloak {+Inv}
rCorr  .         Warding  .     z - +0 pair of gloves
rMut   .         Stasis   .     (no boots)
MR     .....                    (no amulet)
Stlth  +.........               C - -5 ring of evasion (curse)
                                B - ring of protection from fire

@: not resistant to hostile enchantments, very unstealthy
A: change form in water, swift swim
a: Heroism, Renounce Religion, Evoke Invisibility


You were on level 1 of the Abyss.
You worshipped Okawaru.
Okawaru was pleased with you.
You were not hungry.

You visited 2 branches of the dungeon, and saw 9 of its levels.
You visited the Abyss 1 time.

You collected 489 gold pieces.
You spent 116 gold pieces at shops.

Inventory:

Hand weapons
 a - a +0 trident (weapon)
Armour
 c - a +0 helmet (worn)
 g - a +0 ring mail (worn)
 n - a +2 cloak of invisibility (worn)
 y - a +0 buckler (worn)
 z - a +0 pair of gloves (worn)
Jewellery
 m - an uncursed ring of stealth
 B - a ring of protection from fire (left hand)
 C - a cursed -5 ring of evasion (right hand)
Magical devices
 l - a wand of random effects (21)
Scrolls
 i - a scroll of fear {unknown}
 j - a scroll of immolation {unknown}
 p - 3 scrolls of magic mapping {unknown}
 r - 2 scrolls of identify
 s - a scroll of teleportation {unknown}
 t - a scroll of blinking {unknown}
 v - 2 scrolls of enchant armour {unknown}
 A - a scroll of amnesia {unknown}
Potions
 d - a potion of resistance
 h - a potion of brilliance {unknown}
 k - a potion of agility {unknown}
 u - a potion of haste {unknown}
 w - a potion of heal wounds
 x - a potion of cure mutation {unknown}
Comestibles
 b - 8 slices of pizza
 e - 10 bread rations
 f - 6 meat rations
 o - 6 fruits
 q - 2 chunks of flesh
 D - 2 beef jerkies


   Skills:
 + Level 7.2 Fighting
 - Level 14.0 Polearms
 - Level 2.0 Throwing
 + Level 3.5 Armour
 + Level 7.3 Dodging
 - Level 4.1 Shields


You had 9 spell levels left.
You didn't know any spells.

Dungeon Overview and Level Annotations

Branches:
Dungeon (8/15)             Temple (1/1) D:5
   Lair: D:8-11

Altars:
Dithmenos
Elyvilon
Fedhas
Gozag
Nemelex Xobeh
Okawaru
Ru
Sif Muna
Vehumet
Xom
Yredelemnul

Shops:
D:4 [   D:6 :

Annotations:
D:8 Erolcha


Message History

The fire bat is moderately wounded.
The fire bat bites you but does no damage.
The chaos spawn closely misses you.
A sixfirhy comes into view.
The fire bat bites you.
You are engulfed in flames.
You resist. The chaos spawn gores you!
* * * LOW HITPOINT WARNING * * *
The fire bat bites you but does no damage.
The fire bat closely misses you.
The fire bat bites you but does no damage.
The sixfirhy hits you but does no damage.
The sixfirhy hits you.
* * * LOW HITPOINT WARNING * * *
The sixfirhy shocks you!
* * * LOW HITPOINT WARNING * * *
The fire bat bites you but does no damage.
The fire bat bites you.
* * * LOW HITPOINT WARNING * * *
You are engulfed in flames.
You resist.
You die...

......# #.....
#### .##..##..#
#.##..##..#
##........#
#......3.#
###..##4.#
#..##.b##
........@#
#.........#.......
#.##..##..#.......
#. #..##..#)......
# ........#.......
.. ....#.###'#.
.##..##. .# .. #..
. #


You could see a sixfirhy, a chaos spawn and a fire bat.

Vanquished Creatures
  Pikel (D:4)
  The ghost of Econoterrorist the Spear-Bearer, an average MfGl (D:4)
  Grinder (D:6)
  A human (D:7)
  Menkaure (D:4)
  2 ice beasts (D:8)
  2 sky beasts
  A phantom (D:4)
  An orc warrior (D:5)
  2 ogres
  4 centaurs
  A water moccasin zombie (D:5)
  A scorpion (D:5)
  4 giant frogs
  A quasit (D:6)
  6 wights (D:7)
  3 crimson imps (D:5)
  2 jellies (D:6)
  2 orc priests (D:5)
  Crazy Yiuf (D:3)
  4 hounds
  An orc wizard (D:6)
  A statue (D:6)
  8 worker ants
  4 sheep (D:7)
  A worker ant zombie (D:6)
  11 adders
  An ooze (D:3)
  3 adder skeletons
  10 orcs
  2 ball pythons
  16 bats
  3 bat skeletons
  A bat zombie (D:7)
  4 giant cockroaches
  6 goblins
  7 hobgoblins
  6 giant newts
  7 jackals
  9 kobolds
  A quokka (D:5)
  9 rats
153 creatures vanquished.

Vanquished Creatures (others)
  A giant frog skeleton (D:4)
  A worker ant (D:4)
  An adder (D:4)
  An adder skeleton (D:4)
  A giant gecko (D:4)
  A giant cockroach (D:4)
  A goblin (D:4)
  A rat (D:4)
8 creatures vanquished.

Grand Total: 161 creatures vanquished

Notes
Turn   | Place    | Note
--------------------------------------------------------------
     0 | D:1      | Econoterrorist the Merfolk Gladiator began the quest for the Orb.
     0 | D:1      | Reached XP level 1. HP: 16/16 MP: 1/1
    76 | D:1      | Reached skill level 5 in Polearms
    79 | D:1      | Reached XP level 2. HP: 13/22 MP: 2/2
   709 | D:2      | Found a blossoming altar of Fedhas.
   789 | D:2      | Found a shimmering altar of Xom.
   834 | D:2      | Reached skill level 6 in Polearms
   834 | D:2      | Reached XP level 3. HP: 27/27 MP: 3/3
  1763 | D:3      | Noticed Crazy Yiuf
  1793 | D:3      | Killed Crazy Yiuf
  1793 | D:3      | Reached skill level 7 in Polearms
  1793 | D:3      | Reached XP level 4. HP: 17/33 MP: 4/4
  1987 | D:3      | Found a sacrificial altar of Ru.
  2053 | D:3      | Reached skill level 8 in Polearms
  2053 | D:3      | Reached XP level 5. HP: 29/38 MP: 5/5
  2803 | D:4      | Noticed Menkaure
  2844 | D:4      | Killed Menkaure
  2844 | D:4      | Reached skill level 9 in Polearms
  2844 | D:4      | Reached XP level 6. HP: 32/47 MP: 6/6
  2977 | D:4      | Noticed a slave
  2978 | D:4      | Noticed Pikel
  2978 | D:4      | Found Ywoela's Armour Shoppe.
  2978 | D:4      | Noticed a slave
  2978 | D:4      | Noticed a slave
  2978 | D:4      | Noticed a slave
  3041 | D:4      | Killed Pikel
  3041 | D:4      | Reached skill level 11 in Polearms
  3041 | D:4      | Reached XP level 7. HP: 24/55 MP: 7/7
  3247 | D:4      | Bought a +0 buckler for 58 gold pieces
  3247 | D:4      | Bought a +0 pair of gloves for 58 gold pieces
  3323 | D:4      | Noticed Econoterrorist's ghost (average MfGl)
  3515 | D:4      | Noticed a phantom
  3540 | D:4      | Killed a phantom
  3540 | D:4      | Reached skill level 5 in Fighting
  3540 | D:4      | Reached XP level 8. HP: 60/62 MP: 8/8
  3611 | D:4      | Killed Econoterrorist's ghost
  3611 | D:4      | Reached skill level 12 in Polearms
  3611 | D:4      | Reached skill level 1 in Shields
  3756 | D:4      | Found a white marble altar of Elyvilon.
  3876 | D:5      | Entered Level 5 of the Dungeon
  4024 | D:5      | Found a staircase to the Ecumenical Temple.
  4036 | Temple   | Entered the Ecumenical Temple
  4099 | Temple   | Became a worshipper of Warmaster Okawaru
  4486 | D:5      | Reached skill level 13 in Polearms
  4812 | D:6      | Found a basalt altar of Yredelemnul.
  4823 | D:6      | Noticed Grinder
  4831 | D:6      | Paralysed by Grinder for 5 turns
  4850 | D:6      | Killed Grinder
  5078 | D:6      | Acquired Okawaru's first power
  5078 | D:6      | Reached XP level 9. HP: 51/68 MP: 9/9
  5275 | D:6      | Found a radiant altar of Vehumet.
  5289 | D:6      | Reached skill level 14 in Polearms
  5482 | D:6      | Found an opulent altar of Gozag.
  5854 | D:5      | Reached skill level 1 in Armour
  6183 | D:6      | Found Ydeb's Book Shoppe.
  6341 | D:6      | Reached skill level 5 in Dodging
  7649 | D:7      | Reached XP level 10. HP: 54/77 MP: 10/10
  8018 | D:8      | Noticed Erolcha
  8039 | D:8      | Cast into the Abyss (Erolcha)
  8104 | Abyss:1  | Noticed a sixfirhy
  8108 | Abyss:1  | HP: 3/79 [fire bat (5)]
  8108 | Abyss:1  | Slain by a fire bat

Vault maps used:
D:1:      dpeg_arrival_shelter
D:2:      xom_butterflies, fedhas_altar_2
D:3:      overflow_temple_1_default, uniq_crazy_yiuf_cottage
D:4:      elyvilon_altar_3, serial_shops, shop_fountains, first_bread,
          st_stairs_14, uniq_pikel, uniq_menkaure
D:5:      minmay_temple_entry_large_hall
D:6:      lemuel_crystal_altar, vehumet_statue, serial_shops,
          nicolae_shop_trees, hangedman_abyss_or_decor_passed,
          grunt_gozag_breadcrumbs, uniq_grinder
D:7:      grunt_livestock, st_stairs_9, minmay_misc_feat_pillars
D:8:      enter_bailey_2, st_stairs_4, minivault_27, uniq_erolcha,
          uniq_gastronok
Temple:   circular_temple_6

Action                   |  1- 3 |  4- 6 |  7- 9 | 10-12 || total
-------------------------+-------+-------+-------+-------++-------
Melee: Trident           |   116 |    79 |   549 |    82 ||   826
       Unarmed           |       |    19 |       |       ||    19
Throw: Throwing net      |     3 |       |     1 |       ||     4
Evoke: Wand              |       |       |     5 |       ||     5
  Use: Scroll            |     2 |       |     1 |       ||     3
       Potion            |     1 |       |     3 |     1 ||     5
 Stab: Sleeping          |     1 |     2 |     3 |       ||     6
  Eat: Chunk             |     2 |     3 |    11 |     2 ||    18
       Beef jerky        |       |     1 |     1 |       ||     2
       Fruit             |       |       |     1 |       ||     1
       Pizza             |       |       |     1 |       ||     1
